 Dungeon Sprint DCSS version 0.21-a0-238-geb0acef (webtiles) character file.

3365 Kidiri the Eclecticist (level 9, 0/56 HPs)
             Began as a Deep Elf Fire Elementalist on Sept 2, 2017.
             Was a High Priest of Vehumet.
             Slain by a killer bee (9 damage)
             ... in the Dungeon (Sprint III: "The Ten Rune Challenge").
             The game lasted 00:08:36 (1746 turns).

Kidiri the Eclecticist (Deep Elf Fire Elementalist) Turns: 1746, Time: 00:08:36

Health: 0/56       AC:  1    Str:  5    XL:     9   Next: 73%
Magic:  10/31      EV: 17    Int: 24    God:    Vehumet [*****.]
Gold:   38         SH:  0    Dex: 11    Spells: 17/40 levels left

rFire    . . .     SeeInvis .   b - +0 dagger
rCold    . . .     Gourm    .   (no shield)
rNeg     . . .     Faith    .   a - +0 robe
rPois    .         Spirit   .   (no helmet)
rElec    +         Reflect  .   (no cloak)
rCorr    .         Harm     .   (no gloves)
MR       .....     Clarity  +   (no boots) Stlth ++........NoTele +
                                (no amulet)
HPRegen  0.18/turn              (no ring)
MPRegen  0.22/turn              (no ring)

@: lethally poisoned (0 -> -3), very slightly contaminated
A: clarity, clumsy 2, deformed body, electricity resistance
a: Renounce Religion


You were in the Dungeon.
You worshipped Vehumet.
Vehumet was extremely pleased with you.
You were hungry.

You visited 1 branch You collected 38 gold pieces.

Inventory:

Hand Weapons
 b - a +0 dagger (weapon)
Missiles
 r - 8 throwing nets (quivered)
Armour
 a - a +0 robe (worn)
Scrolls
 i - a scroll of blinking
 l - a scroll of holy word {unknown}
 m - 2 scrolls of identify {unknown}
 n - 2 scrolls of remove curse {unknown}
 q - a scroll of torment {unknown}
Potions
 d - a potion of curing
 e - a potion of heal wounds
 f - a potion of haste
 g - 2 potions of magic
 h - a potion of berserk rage
 p - 3 potions of flight
Comestibles
 c - a bread ration
 k - 3 royal jellies
 o - a meat ration


   Skills:
 + Level 6.3 Fighting
 + Level 7.4 Short Blades
 + Level 1.0 Armour
 + Level 9.5 Dodging
 - Level 2.4 Stealth
 - Level 1.0 Unarmed Combat
 * Level 16.0 Spellcasting
 + Level 10.3 Conjurations
 + Level 10.5 Fire Magic
 + Level 1.3 Air Magic


You had 17 spell levels left.
You knew the following spells:

 Your Spells              Type           Power        Failure   Level  Hunger
a - Flame Tongue          Conj/Fire      #####        1%          1    None
b - Throw Flame           Conj/Fire      ######       1%          2    None
c - Conjure Flame         Conj/Fire      ######..     1%          3    None
d - Inner Flame           Hex/Fire       #####...     1%          3    None
e - Sticky Flame          Conj/Fire      ######..     1%          4    None
f - Fireball              Conj/Fire      ######....   1%          5    #......
g - Lightning Bolt        Conj/Air       #####.....   1%          5    #......


Dungeon Overview and Level Annotations

Branches:
Dungeon (1/1)

Altars:
Cheibriados
Dithmenos
Elyvilon
Fedhas
Gozag
Hepliaklqana
Kikubaaqudgha
Makhleb
Nemelex Xobeh
Okawaru
Qazlal
Ru
Sif Muna
Trog
Uskayaw
Vehumet
Wu Jian
Xom
Yredelemnul
Zin
The Shining One
Beogh
Jiyva
Lugonu

Annotations:
D exclusion: 2 doors


Innate Abilities, Weirdness & Mutations

You possess an exceptional clarity of mind.
You are very clumsy. (Dex -4)
Armour fits poorly on your strangely shaped body.
You are resistant to electric shocks. (rElec)


Message History

Unknown command.
Casting: Sticky Flame
Confirm with . or Enter, or press ? or * to list all spells.
Aiming: Lightning Bolt
Press: ? - help, Shift-Dir - straight line You miscast Lightning Bolt.
You are very lightly contaminated with residual magic.
You smell something strange.
You feel sick. The killer bee stings you.
* * * LOW HITPOINT WARNING * * *
The killer bee closely misses you.
Unknown command.
Casting: Lightning Bolt
Confirm with . or Enter, or press ? or * to list all spells.
Aiming: Lightning Bolt
Press: ? - help, Shift-Dir - straight line You hear a mighty clap of thunder!
The bolt of lightning misses the killer bee. x2
You hear an angry buzzing noise. x3
The killer bee stings you!
You die...

#### #__# #._# #+## .).# ...#
##'#
...#+###########################
...#....#.#.#...@y#..y...'.yy≈≈#
...##)#))#.##)###y#y.....#.%%≈≈#
...'##.#.#.##.#†.##y..y..#


yyy≈≈ ...#...#..#..##..%yyyy...# yy≈≈ ▓▓▓▓▓▓▓▓▓▓▓▓▓▓▓▓▓#.y.....# yyy #yy%....#
yy +.......# y #.......# ##+###### You could see 2 killer bees.

Vanquished Creatures
  Erolcha (D)
  A deep elf mage (D)
  A shadow (D)
  2 redbacks (D)
  A spatial vortex (D)
  A necrophage (D)
  5 two-headed ogres (D)
  A water elemental (D)
  A scorpion (D)
  7 killer bees (D)
  A jelly (D)
  Jessica (D)
  A wizard (D)
  A necromancer (D)
  3 humans (D)
  A kobold demonologist (D)
  An ooze (D)
  2 rats (D)
32 creatures vanquished.

Vanquished Creatures (others)
  2 draconian scorchers (D)
  Nessos (D)
  6 hellions (D)
  A yaktaur (D)
  An electric eel (D)
  A plant (D)
12 creatures vanquished.

Grand Total: 44 creatures vanquished

Notes
Turn   | Place    | Note
-------+----------+-------------------------------------------
     0 | D        | Kidiri the Deep Elf Fire Elementalist began the quest for the Orb.
     0 | D        | Reached XP level 1. HP: 10/10 MP: 6/6
    24 | D        | Reached skill level 4 in Spellcasting
    70 | D        | Noticed Jessica
    75 | D        | Killed Jessica
    75 | D        | Reached skill level 6 in Spellcasting
    75 | D        | Reached XP level 2. HP: 15/15 MP: 3/11
    75 | D        | Reached XP level 3. HP: 19/19 MP: 3/13
    75 | D        | Killed a yaktaur
    79 | D        | Learned a level 2 spell: Throw Flame
    83 | D        | Learned a level 3 spell: Conjure Flame
    87 | D        | Learned a level 3 spell: Inner Flame
   145 | D        | Killed a hellion
   145 | D        | Killed a hellion
   146 | D        | Killed a hellion
   156 | D        | Noticed a scorpion
   156 | D        | Killed a hellion
   160 | D        | Killed a scorpion
   160 | D        | Reached skill level 8 in Spellcasting
   160 | D        | Reached skill level 5 in Fire Magic
   160 | D        | Reached XP level 4. HP: 24/24 MP: 11/16
   166 | D        | Learned a level 4 spell: Sticky Flame
   168 | D        | Killed a hellion
   185 | D        | Killed a hellion
   188 | D        | Gained mutation: Scrolls take you a little longer to read. [potion of mutation]
   188 | D        | Gained mutation: Armour fits poorly on your strangely shaped body. [potion of mutation]
   188 | D        | Gained mutation: Scrolls take you longer to read. [potion of mutation]
   188 | D        | Gained mutation: You are surrounded by a mild repulsion field. (EV +2) [potion of mutation]
   189 | D        | Lost mutation: Scrolls take you longer to read. [potion of mutation]
   189 | D        | Lost mutation: Scrolls take you a little longer to read. [potion of mutation]
   189 | D        | Lost mutation: Armour fits poorly on your strangely shaped body. [potion of mutation]
   189 | D        | Gained mutation: You can translocate small distances at will. [potion of mutation]
   189 | D        | Gained mutation: Your muscles are strong. (Str +2) [potion of mutation]
   189 | D        | Gained mutation: You passively map a small area around you. [potion of mutation]
   190 | D        | Lost mutation: Your muscles are strong. (Str +2) [potion of mutation]
   190 | D        | Lost mutation: You passively map a small area around you. [potion of mutation]
   190 | D        | Gained mutation: You are clumsy. (Dex -2) [potion of mutation]
   190 | D        | Gained mutation: You are very clumsy. (Dex -4) [potion of mutation]
   190 | D        | Gained mutation: You occasionally shout uncontrollably at your foes. [potion of mutation]
   190 | D        | Gained mutation: Your system is resistant to poisons. (rPois) [potion of mutation]
   191 | D        | Lost mutation: You occasionally shout uncontrollably at your foes. [potion of mutation]
   191 | D        | Lost mutation: You can translocate small distances at will. [potion of mutation]
   191 | D        | Lost mutation: You are surrounded by a mild repulsion field. (EV +2) [potion of mutation]
   191 | D        | Gained mutation: You are resistant to electric shocks. (rElec) [potion of mutation]
   191 | D        | Gained mutation: You possess an exceptional clarity of mind. [potion of mutation]
   192 | D        | Lost mutation: You possess an exceptional clarity of mind. [potion of mutation]
   192 | D        | Lost mutation: Your system is resistant to poisons. (rPois) [potion of mutation]
   192 | D        | Gained mutation: You are frail. (-10% HP) [potion of mutation]
   192 | D        | Gained mutation: You passively map a small area around you. [potion of mutation]
   193 | D        | Lost mutation: You passively map a small area around you. [potion of mutation]
   193 | D        | Lost mutation: You are frail. (-10% HP) [potion of mutation]
   193 | D        | Gained mutation: Armour fits poorly on your strangely shaped body. [potion of mutation]
   193 | D        | Gained mutation: You possess an exceptional clarity of mind. [potion of mutation]
   202 | D        | Killed a white draconian scorcher
   206 | D        | Killed a white draconian scorcher
   475 | D        | Noticed a water elemental
   479 | D        | Killed a water elemental
   479 | D        | Reached skill level 10 in Spellcasting
   479 | D        | Reached skill level 5 in Conjurations
   479 | D        | Reached XP level 5. HP: 28/28 MP: 9/19
   487 | D        | Learned a level 5 spell: Fireball
   536 | D        | Found a radiant altar of Vehumet.
   537 | D        | Found a deep blue altar of Sif Muna.
   537 | D        | Found an ancient bone altar of Kikubaaqudgha.
   539 | D        | Reached skill level 1 in Fighting
   539 | D        | Reached skill level 1 in Unarmed Combat
   555 | D        | Became a worshipper of Vehumet
   592 | D        | Found a glowing silver altar of Zin.
   593 | D        | Found a glowing golden altar of the Shining One.
   593 | D        | Found a white marble altar of Elyvilon.
   593 | D        | Noticed a deep elf mage
   605 | D        | Killed a deep elf mage
   605 | D        | Reached skill level 5 in Dodging
   605 | D        | Reached skill level 12 in Spellcasting
   605 | D        | Reached XP level 6. HP: 37/37 MP: 17/23
   605 | D        | Reached XP level 7. HP: 41/41 MP: 18/25
   609 | D        | Found a roughly hewn altar of Beogh.
   609 | D        | Found a hide-covered altar of Uskayaw.
   609 | D        | Noticed a human
   609 | D        | Noticed a human
   610 | D        | Found an ornate altar of the Wu Jian Council.
   610 | D        | Found an iron altar of Okawaru.
   610 | D        | Found a bloodstained altar of Trog.
   617 | D        | Killed a human
   617 | D        | Reached skill level 13 in Spellcasting
   619 | D        | Killed a human
   619 | D        | Reached * piety under Vehumet
   619 | D        | Offered knowledge of Freeze by Vehumet.
   733 | D        | Found a basalt altar of Yredelemnul.
   733 | D        | Found a shadowy altar of Dithmenos.
   733 | D        | Found a sacrificial altar of Ru.
   739 | D        | Reached XP level 8. HP: 32/47 MP: 19/27
   970 | D        | Reached ** piety under Vehumet
   970 | D        | Offered knowledge of Shock by Vehumet.
   970 | D        | Reached skill level 5 in Short Blades
   988 | D        | Found a blossoming altar of Fedhas.
   988 | D        | Found a stormy altar of Qazlal.
   988 | D        | Found a snail-covered altar of Cheibriados.
   988 | D        | Found a burning altar of Makhleb.
   988 | D        | Found a shimmering altar of Xom.
   989 | D        | Found a hazy altar of Hepliaklqana.
   989 | D        | Found an opulent altar of Gozag.
   989 | D        | Found a sparkling altar of Nemelex Xobeh.
   989 | D        | Found a corrupted altar of Lugonu.
   989 | D        | Found a viscous altar of Jiyva.
  1005 | D        | Reached skill level 14 in Spellcasting
  1173 | D        | Offered knowledge of Stone Arrow by Vehumet.
  1173 | D        | Reached *** piety under Vehumet
  1176 | D        | Reached skill level 5 in Fighting
  1319 | D        | Killed Nessos
  1365 | D        | Noticed a two-headed ogre
  1375 | D        | Killed a two-headed ogre
  1375 | D        | Offered knowledge of Fulminant Prism by Vehumet.
  1428 | D        | Noticed a two-headed ogre
  1428 | D        | Noticed Erolcha
  1458 | D        | Killed a two-headed ogre
  1458 | D        | Reached skill level 15 in Spellcasting
  1458 | D        | Reached XP level 9. HP: 53/53 MP: 20/30
  1466 | D        | Killed Erolcha
  1466 | D        | Reached **** piety under Vehumet
  1466 | D        | Reached skill level 10 in Conjurations
  1466 | D        | Reached skill level 10 in Fire Magic
  1621 | D        | Offered knowledge of Lightning Bolt by Vehumet.
  1629 | D        | Learned a level 5 spell: Lightning Bolt
  1729 | D        | Noticed a queen bee
  1741 | D        | Reached ***** piety under Vehumet
  1741 | D        | Reached skill level 1 in Air Magic
  1741 | D        | Offered knowledge of Freezing Cloud by Vehumet.
  1741 | D        | Reached skill level 1 in Armour
  1741 | D        | Reached skill level 16 in Spellcasting
  1746 | D        | Slain by a killer bee

Vault maps used:
D:        dungeon_sprint_mu

Skill      XL: |  1  2  3  4  5  6  7  8  9 |
---------------+----------------------------+-----
Spellcasting   | 6 8 10 12 13 15 16 | 16.0
Conjurations   | 3 4 5 7 8 9 10 | 10.3
Fire Magic     | 4 5 6 8 9 10 | 10.5
Fighting       | 3 4 5 6 |  6.3
Dodging        | 5 6 8 9 |  9.5
Unarmed Combat | 1 |  1.0
Short Blades   | 3 4 6 7 |  7.4
Air Magic      | 1 |  1.3
Armour         | 1 |  1.0
Stealth        | |  2.4

Action                   |  1- 3 |  4- 6 |  7- 9 || total
-------------------------+-------+-------+-------++-------
 Cast: Flame Tongue      |    12 |     8 |    56 ||    76
       Conjure Flame     |       |     1 |     6 ||     7
       Throw Flame       |       |     1 |     1 ||     2
       Sticky Flame      |       |     3 |    10 ||    13
       Inner Flame       |       |       |     2 ||     2
       Fireball          |       |       |     2 ||     2
       Lightning Bolt    |       |       |     3 ||     3
  Use: Potion            |       |     6 |     1 ||     7
  Eat: Chunk             |       |       |     2 ||     2
Dodge: Dodged            |     2 |     1 |    38 ||    41

Table legend:
 A = Spawn XP
 B = Non-spawn XP
 C = Spawn XP percentage of total XP
 D = Spawn monster count
 E = Non-spawn monster count
 F = Spawn count percentage of total count
 G = Total turns spent on level
                    A         B        C        D         E        F      G
               +---------+---------+-------+---------+---------+-------+---------
         Total |       0 |    4808 |   0.0 |       0 |      32 |   0.0 |  1746
               +---------+---------+-------+---------+---------+-------+---------
             D |       0 |    4808 |   0.0 |       0 |      32 |   0.0 |  1746
               +---------+---------+-------+---------+---------+-------+---------
